 Dungeon Crawl Stone Soup version 0.25-a0-317-g5f8687bca5 (webtiles) character file.

Game seed: 18388523847641591044, levelgen mode: deterministic

14 P0NYSLAYSTATION the Skirmisher (level 2, 0/27 HPs)
             Began as a Hill Orc Fighter on Dec 26, 2019.
             Succumbed to Sigmund's poison
             ... on level 2 of the Dungeon.
             The game lasted 00:01:59 (392 turns).

P0NYSLAYSTATION the Skirmisher (Hill Orc Fighter)    Turns: 392, Time: 00:02:00

Health: 0/27       AC:  6    Str: 23    XL:     2   Next: 41%
Magic:  2/2        EV:  7    Int:  8    God:
Gold:   4          SH:  0    Dex: 10    Spells: 1/1 levels left

rFire    . . .     SeeInvis .   a - +0 long sword
rCold    . . .     Gourm    .   c - +0 shield
rNeg     . . .     Faith    .   b - +0 scale mail
rPois    .         Spirit   .   (no helmet)
rElec    .         Reflect  .   (no cloak)
rCorr    .         Harm     .   (no gloves)
MR       .....                  (no boots)
Stlth    ..........             (no amulet)
HPRegen  0.09/turn              (no ring)
MPRegen  0.08/turn              (no ring)

@: confused, mighty, lethally poisoned (0 -> -24)
A: no striking features
a: no special abilities


You were on level 2 of the Dungeon.
You were not hungry.

You visited 1 branch of the dungeon, and saw 3 of its levels.

You collected 4 gold pieces.

Inventory:

Hand Weapons
 a - a +0 long sword (weapon)
Armour
 b - a +0 scale mail (worn)
 c - a +0 shield (worn)
Jewellery
 e - a cursed -3 ring of strength {unknown}
Scrolls
 h - a scroll of teleportation {unknown}
 i - 3 scrolls of identify {unknown}
 j - a scroll of blinking {unknown}
Comestibles
 f - 2 rations
 g - a chunk of flesh


   Skills:
 + Level 3.7 Fighting
 + Level 2.4 Long Blades
 + Level 3.4 Armour
 + Level 0.1 Dodging
 + Level 3.6 Shields


You had one spell level left.
You didn't know any spells.
Your spell library was empty.

Dungeon Overview and Level Annotations

Branches:
Dungeon (3/15)

Altars:

Annotations:
D:2 Sigmund


Message History

You're too confused to move!
Okay, then.
Sigmund is nearby!
Sigmund hits you from afar with a +5 scythe of venom!
You are lethally poisoned!
Some of the chunks of flesh in your inventory have rotted away.
* * * LOW HITPOINT WARNING * * *
You feel sick.
Sigmund hits you from afar with a +5 scythe of venom.
* * * LOW HITPOINT WARNING * * *
You are more poisoned.
You feel very mighty all of a sudden.
* * * LOW HITPOINT WARNING * * *
You feel sick.
You are too injured to fight recklessly!
You are too injured to fight recklessly!
* * * LOW HITPOINT WARNING * * *
You feel sick.
You're too confused to move!
You die...

#.#.#########
#.#.# #.#.#
#.#.# #.#.# #
#.#.#
#######..###
#.#.#
###...@.......
#.÷.#
#....)###..###
##..####...@.#
#
#...........#
#.#####.....#
#.# #...>†#
#.# #######
#.# #.. #.


You could see Sigmund.

Vanquished Creatures
  A worm (D:3)
  A leopard gecko (D:1)
  A ball python (D:3)
  A bat (D:2)
  3 goblins
  A kobold (D:2)
  3 rats (D:2)
11 creatures vanquished.

Notes
Turn   | Place    | Note
-------+----------+-------------------------------------------
     0 | D:1      | P0NYSLAYSTATION the Hill Orc Fighter began the quest for
                  | the Orb.
     0 | D:1      | Reached XP level 1. HP: 19/19 MP: 1/1
   198 | D:3      | Reached XP level 2. HP: 20/27 MP: 2/2
   220 | D:3      | HP: 1/27 [worm (3)]
   383 | D:2      | Noticed Sigmund
   391 | D:2      | HP: 1/27 [poisoned by Sigmund]
   392 | D:2      | Succumbed to Sigmund's poison

Levels and vault maps discovered:
D:1:      nicolae_arrival_memento_mori, layout_basic, hex_intersection
D:2:      layout_loops_ring, chequers_temple_overflow_statue_of_worship,
          minmay_split_cup_large, uniq_sigmund, uniq_terence,
          uniq_crazy_yiuf_cottage
D:3:      wander_river, layout_rooms, first_ration, minmay_misc_feat_chi

Action                   || total
-------------------------++-------
Melee: Long sword        ||    45
  Use: Potion            ||     1
Armor: Scale mail        ||    15
Dodge: Dodged            ||    15
Block: Shield            ||    22
       Rpst.: Long sword ||     2

Table legend:
 A = Non-vault XP
 B = Vault XP
 C = Vault XP percentage of total XP
 D = Non-vault monster count
 E = Vault monster count
 F = Vault count percentage of total count
                 A         B        C        D         E       F
            +---------+---------+-------+---------+---------+-------
      Total |      20 |       0 |   0.0 |      11 |       0 |   0.0
            +---------+---------+-------+---------+---------+-------
        D:1 |       4 |       0 |   0.0 |       2 |       0 |   0.0
        D:2 |       7 |       0 |   0.0 |       6 |       0 |   0.0
        D:3 |       9 |       0 |   0.0 |       3 |       0 |   0.0
            +---------+---------+-------+---------+---------+-------
